 Dungeon Crawl Stone Soup version 0.31.0-4-g52a2dc7128 (webtiles) character file.

Game seed: 5273220628167146586

45 sanka the Chopper (level 3, -4/33 HPs)
             Began as a Hill Orc Fighter on Jan 21, 2024.
             Killed by nerve-wracking pain
             ... invoked by Jessica
              (10 damage)
             ... on level 2 of the Dungeon.
             The game lasted 00:01:16 (1229 turns).

sanka the Chopper (Hill Orc Fighter)                Turns: 1229, Time: 00:01:16

Health: -4/33      AC:  6    Str: 20    XL:     3   Next: 64%
Magic:  12/12      EV:  9    Int:  8    God:
Gold:   56         SH:  4    Dex: 10    Spells: 2/2 levels left

rFire   . . .        a - +0 war axe
rCold   + . .        c - +0 buckler
rNeg    . . .        b - +0 scale mail
rPois   .            (no helmet)
rElec   .            n - scarf {repulsion}
rCorr   .            (no gloves)
SInv    .            (no boots)
Will    .....        (no amulet) Stlth
                     j - ring of protection from cold
HPRegen 0.25/turn    i - ring of magical power
MPRegen 0.13/turn

%: repel missiles
@: lethally poisoned (-4 -> -15)
A: no striking features
a: no special abilities


You were on level 2 of the Dungeon.
You visited 1 branch of the dungeon, and saw 2 of its levels.

You collected 56 gold pieces.


   Skills:
 - Level 4.0 Fighting
 * Level 4.9 Axes
 - Level 3.2 Armour
 - Level 3.2 Shields


You had 2 spell levels left.
You didn't know any spells.
Your spell library contained the following spells:

 Spells                   Type           Power      Damage    Failure   Level
 Dazzling Flash           Conj/Hex       0%         N/A       99%         3
 Volatile Blastmotes      Fire/Tloc      0%         2d10      99%         3
 Starburst                Conj/Fire      0%         6d3       100%        6
 Maxwell's Capacitive Co  Air            0%         ∞         100%        8

Inventory:

Hand Weapons
 a - a +0 war axe (weapon)
Armour
 b - a +0 scale mail (worn)
 c - a +0 buckler (worn)
 n - a scarf of repulsion (worn)
Jewellery
 i - a ring of magical power (right hand)
 j - a ring of protection from cold (left hand)
Scrolls
 e - a scroll of enchant weapon {unknown}
 f - 3 scrolls of identify {unknown}
 g - 2 scrolls of fear {unknown}
 h - a scroll of teleportation {unknown}
 l - a scroll of fog {unknown}
Potions
 d - a potion of might
 k - a potion of heal wounds {unknown}
 m - a potion of degeneration {unknown}

Dungeon Overview and Level Annotations

Branches:
Dungeon (2/15)

Altars:

Annotations:
D:2 Jessica

▒▒.▒▒▒.▒........... ▒.▒
▒▒.▒.......... .. ▒.▒▒
▒▒.▒......... ... ▒..▒
▒▒.▒...........
▒▒▒▒▒▒▒▒▒.▒...▒..▒.▒.
▒▒▒▒▒......▒.▒▒▒▒▒▒...▒
.....▒▒▒▒▒▒.▒...▒..▒.▒..
.†..▒▒ ▒.▒....8†......
....▒▒ ▒.▒.....o@...w..
.....▒ ▒.▒.....8........
.....▒▒.▒...............
....▒▒.▒........8.......
▒▒▒▒▒.▒......?..........
.▒ ..................
... ▒▒.▒▒.▒.▒▒▒▒▒.▒▒▒
▒▒▒. ..▒. .▒ .


You could see a dart slug and Jessica (fast).


Message History

Jessica casts a spell at you. Pain shoots through your body!
A dart slug comes into view.
You block the quokka's attack.
You barely miss Jessica. You hit the quokka.
Jessica gestures wildly while chanting.
Jessica seems to speed up.
The quokka bites you but does no damage.
Jessica hits you with a +0 dagger of venom.
You are poisoned.
You barely miss the quokka.
The quokka is almost dead.
You hit Jessica.
You feel very sick.
The quokka bites you but does no damage.
Jessica gestures at you while chanting. Pain shoots through your body!
* * * LOW HITPOINT WARNING * * *
The quokka bites you but does no damage.
Jessica hits you but does no damage.
You are lethally poisoned!
You slash the quokka!
You kill the quokka!
You hit Jessica.
* * * LOW HITPOINT WARNING * * *
You feel very sick. Jessica casts a spell at you.
Pain shoots through your body!
You die...

Action                     || total
---------------------------++-------
  Melee: War axe           ||    84
 Armour: Scale mail        ||    71
  Dodge: Dodged            ||    23
  Block: Buckler           ||    11

Levels and vault maps discovered:
D:1:      psy_arrival_statuary, layout_basic, basic_ecumenical_altar
D:2:      wad_pebble_path, layout_loops_ring, uniq_jessica

Notes
Turn   | Place    | Note
-------+----------+-------------------------------------------
     0 | D:1      | sanka the Hill Orc Fighter began the quest for the Orb.
     0 | D:1      | Reached XP level 1. HP: 19/19 MP: 1/1
    50 | D:1      | Reached skill level 3 in Axes
   112 | D:1      | Reached XP level 2. HP: 6/27 MP: 2/2
   289 | D:1      | Found a faded altar of an unknown god.
   305 | D:1      | Reached skill level 4 in Fighting
   330 | D:1      | Reached skill level 4 in Axes
   682 | D:1      | Reached XP level 3. HP: 33/33 MP: 3/3
  1223 | D:2      | Noticed Jessica
  1229 | D:2      | Killed from afar by Jessica

Vanquished Creatures
  A gnoll (D:1)
  A dart slug (D:1)
  5 endoplasms
  A giant cockroach (D:1)
  2 hobgoblins (D:1)
  3 quokkas
  2 ball pythons (D:1)
  3 bats
  2 frilled lizards
  4 goblins
  3 kobolds
  4 rats (D:1)
31 creatures vanquished.
